 Dungeon Crawl Stone Soup version 0.30-b1-2-g02819fbbbe (webtiles) character file.

Game seed: 6968843996601959227

91483 Alarkh the Skirmisher (level 15, -3/115 HPs)
             Began as a Demonspawn Hunter on May 23, 2023.
             Was a Follower of Uskayaw.
             Killed from afar by a deep elf knight (35 damage)
             ... with a shard of ice
             ... on level 2 of the Orcish Mines.
             The game lasted 01:01:40 (19279 turns).

Alarkh the Skirmisher (Demonspawn Hunter)          Turns: 19279, Time: 01:01:41

Health: -3/115     AC: 14    Str: 12    XL:     15   Next: 55%
Magic:  32/32      EV: 20    Int: 18    God:    Uskayaw [*.....]
Gold:   1661       SH:  5    Dex: 16    Spells: 17/22 levels left

rFire   + + +        b - +1 dagger (venom)
rCold   . . .        (no shield)
rNeg    + . .        X - +0 troll leather armour
rPois   .            j - +0 helmet
rElec   +            H - +0 cloak
rCorr   .            (no gloves)
SInv    .            U - +2 pair of boots {Fly}
Will    ++...        m - amulet of reflection
Stlth   +++          A - +5 ring of evasion
HPRegen 1.19/turn    v - ring of the Shining Light {rF+++ rN+ Will+ MP+9 Stlth-}
MPRegen 0.23/turn

%: reflection
@: about to teleport, flying
A: thin metallic scales 3, demonic guardian 1, powered by death 3, demonic touch
2
a: Renounce Religion, Stomp


You were on level 2 of the Orcish Mines.
You worshipped Uskayaw.
Uskayaw was aware of your devotion.
You visited 5 branches of the dungeon, and saw 20 of its levels.
You also visited: Bailey and Volcano.

You collected 1855 gold pieces.
You spent 194 gold pieces at shops.

Inventory:

Hand Weapons
 a - a +0 shortbow of draining
 b - a +1 dagger of venom (weapon)
 s - the +9 flail of Gyril {speed, *Noise +Blink rElec rCorr}
   (You found it on level 5 of the Lair of Beasts)

   rElec:     It insulates you from electricity.
   +Blink:    It lets you blink.
   *Noise:    It may make noises in combat.
   rCorr:     It protects you from acid and corrosion.
 B - a +0 antimagic demon trident
 C - a +0 arbalest
Missiles
 w - a throwing net
Armour
 g - a +0 crystal plate armour
 j - a +0 helmet (worn)
 y - a +0 kite shield
 H - a +0 cloak (worn)
 U - a +2 pair of boots of flying (worn)
 V - +0 acid dragon scales
 X - a +0 troll leather armour (worn)
Jewellery
 m - an amulet of reflection (around neck)
 v - the ring of the Shining Light (right hand) {rF+++ rN+ Will+ MP+9 Stlth-}
   (You found it on level 4 of the Dungeon)

   [ring of positive energy]

   rF:        It renders you almost immune to fire.
   rN:        It protects you from negative energy.
   MP:        It affects your magic capacity (+9).
   Will:      It increases your willpower.
   Stlth:     It makes you less stealthy.
 A - a +5 ring of evasion (left hand)
Wands
 x - a wand of flame (17)
 z - a wand of mindburst (41)
 E - a wand of iceblast (10)
 K - a wand of polymorph (18)
 N - a wand of acid (8)
Scrolls
 e - 4 scrolls of magic mapping
 k - a scroll of fear
 n - 5 scrolls of teleportation
 p - 6 scrolls of immolation
 r - a scroll of identify
 t - a scroll of enchant armour
 I - a scroll of fog
 M - a scroll of silence
Potions
 c - a potion of haste {unknown}
 f - 6 potions of curing
 i - 4 potions of might
 l - a potion of invisibility
 q - 2 potions of cancellation
 u - 2 potions of heal wounds
 F - a potion of resistance
 G - 4 potions of lignification
Miscellaneous
 h - a phantom mirror
 o - a lightning rod (4/4)


   Skills:
 + Level 10.2 Fighting
 + Level 9.1 Short Blades
 * Level 14.3 Ranged Weapons
 - Level 4.0 Armour
 + Level 7.6 Dodging
 + Level 10.0 Stealth
 + Level 4.2 Spellcasting
 + Level 7.7 Translocations
 + Level 10.6 Invocations


You had 17 spell levels left.
You knew the following spells:

 Your Spells              Type           Power      Damage    Failure   Level
a - Portal Projectile     Hex/Tloc       34%        N/A       12%         3
b - Blink                 Tloc           62%        N/A       1%          2

Your spell library contained the following spells:

 Spells                   Type           Power      Damage    Failure   Level
 Lesser Beckoning         Tloc           62%        N/A       1%          2
 Momentum Strike          Conj/Tloc      34%        3d8       6%          2
 Freeze                   Ice            12%        1d3       19%         1
 Magic Dart               Conj           12%        1d3       19%         1
 Sting                    Tmut/Pois      12%        1d3       19%         1
 Poisonous Vapours        Pois/Air       6%         N/A       28%         2
 Call Canine Familiar     Summ           3%         N/A       50%         3
 Frozen Ramparts          Ice            6%         1d1       50%         3
 Hailstorm                Conj/Ice       3%         3d3       50%         3
 Inner Flame              Hex/Fire       3%         N/A       50%         3
 Stone Arrow              Conj/Erth      6%         3d7       50%         3
 Summon Guardian Golem    Hex/Summ       3%         N/A       50%         3
 Anguish                  Hex/Necr       1%         N/A       88%         4
 Animate Armour           Summ/Erth      6%         N/A       88%         4
 Cause Fear               Hex            1%         N/A       88%         4
 Ice Form                 Ice/Tmut       3%         N/A       88%         4
 Leda's Liquefaction      Hex/Erth       1%         N/A       88%         4
 Olgreb's Toxic Radiance  Pois           3%         N/A       88%         4
 Summon Ice Beast         Ice/Summ       3%         N/A       88%         4
 Yara's Violent Unravell  Hex/Tmut       1%         3d3       99%         5
 Conjure Ball Lightning   Conj/Air       1%         3x3d6     100%        6
 Enfeeble                 Hex            1%         N/A       100%        7
 Orb of Destruction       Conj           1%         9d5       100%        7
 Spellforged Servitor     Conj/Summ      1%         N/A       100%        7
 Discord                  Hex            1%         N/A       100%        8
 Disjunction              Tloc           15%        N/A       100%        8
 Lehudib's Crystal Spear  Conj/Erth      1%         10d2      100%        8


Dungeon Overview and Level Annotations

Branches:
Dungeon (11/15)            Temple (1/1) D:6            Lair (5/5) D:9
  Swamp (0/4) Lair:2        Snake (0/4) Lair:3        Slime (0/5) Lair:5
    Orc (2/2) D:11            Elf (1/3) Orc:2        Bailey (visited)
Volcano (visited)

Altars:
Ashenzari
Cheibriados
Dithmenos
Fedhas
Gozag
Hepliaklqana
Kikubaaqudgha
Makhleb
Nemelex Xobeh
Okawaru
Qazlal
Ru
Sif Muna
Trog
Uskayaw
Vehumet
Wu Jian
Xom
Yredelemnul

Shops:
D:10 ?   Orc:2 !**(

Portals:
Hell: Lair:5
Trove: D:10 (show slimy rune of Zot)

Annotations:
D:6 3 runed translucent doors, jordank93's ghost, amateur DrMo; ketsa's ghost, novice KoEn
Lair:4 exclusion: door


Innate Abilities, Weirdness & Mutations

You are completely covered in thin metallic scales. (AC +4, rElec)
A weak demonic guardian rushes to your aid.
You regenerate a lot of health from kills.
Your touch may inflict irresistible damage on your foes.


Message History

The deep elf pyromancer mutters, "Damn and blast!"
The deep elf pyromancer gestures wildly while chanting.
The deep elf pyromancer blinks!
The deep elf zephyrmancer mumbles some strange words.
The deep elf zephyrmancer blinks!
Okay, then.
Blink to where?
Press: ? - help, Dir - move target
As you read the scroll of blinking, it crumbles to dust.
You hear some strange, mumbled words.
A shard of ice appears from out of thin air!
Deactivating autopickup; reactivate with Ctrl-A.
The shard of ice hits you!
* * * LOW HITPOINT WARNING * * *
A demonic guardian appears!
The deep elf pyromancer casts a spell.
The deep elf pyromancer blinks!
The deep elf zephyrmancer mumbles some strange words.
The deep elf zephyrmancer blinks!
Something closely misses you.
The deep elf pyromancer casts a spell.
The deep elf pyromancer blinks!
The deep elf zephyrmancer gestures wildly while chanting.
The deep elf zephyrmancer blinks!
You can no longer pass through a line of other dancers.
You fly upwards.
Welcome back to the Orcish Mines!
Your summoned ally is left behind.
Reactivating autopickup.
There is a staircase to the Elven Halls here.
You block something's attack.
Deactivating autopickup; reactivate with Ctrl-A.
You hear some strange, mumbled words.
A lance of force appears from out of thin air!
The lance of force misses you.
As you read the scroll of teleportation, it crumbles to dust.
You feel strangely unstable.
You hear some strange, mumbled words.
A shard of ice appears from out of thin air!
The shard of ice hits you!!
You die...

....#.......)))))).........#...))
.......#...).[[.).........##.....
......#######.........#######....
....### ##.##.......## #..8.
....## #..........## ##... .....#
##..#.......## #### #.#.##
#.........#.## #####
##...........# ###..@{....##
##.#.>...### ##.........##
#...#.......# ##.##.#.....#
###.......## ##.##.### ######


There were no monsters in sight!

Vanquished Creatures
  Gastronok (Lair:3)
  Donald (Orc:2)
  An orc warlord (Orc:2)
  A dire elephant (Lair:5)
  Fannar (Lair:2)
  3 hydras
  An anaconda (Lair:4)
  2 boulder beetles (Lair:5)
  2 two-headed ogres (D:9)
  5 death yaks
  2 orc high priests (Orc:2)
  A fire crab (Lair:4)
  2 skeletal warriors (Volcano)
  A sixfirhy (Lair:5)
  An orc knight (Orc:2)
  5 lindwurms (Lair:5)
  Pikel (D:5)
  2 oklob plants
  A will-o-the-wisp (Lair:2)
  4 orc sorcerers (Orc:2)
  A cyclops (D:11)
  19 elephants
  5 black mambas
  3 gargoyles (Volcano)
  A smoke demon (Lair:5)
  14 cane toads
  A torpor snail (Lair:5)
  An orange demon (Lair:5)
  6 komodo dragons
  7 rime drakes
  An ice devil (Lair:5)
  3 trolls
  A red devil (Lair:5)
  2 harpy skeletons (Volcano)
  17 blink frogs
  Sigmund (D:2)
  13 dream sheep (Lair:4)
  3 flying skulls (Volcano)
  59 yaks
  A wraith (D:11)
  4 wyverns
  A basilisk (Lair:2)
  A fire elemental (Elf:1)
  4 vampire mosquitoes
  A steam dragon (D:8)
  5 nagas (Lair:3)
  A warg (D:11)
  An acid dragon (D:10)
  4 hell hounds (Lair:5)
  13 water moccasins
  2 black bears
  29 orc warriors
  5 ice beasts
  5 ogres
  16 wolves
  A lemure (D:5)
  4 kobold brigands
  11 bullfrogs
  5 scorpions
  3 jellies
  5 killer bees
  2 spriggan skeletons (Volcano)
  2 electric eels (Lair:4)
  A howler monkey (D:11)
  2 hounds (D:4)
  26 orc priests
  2 gnoll boudas
  2 iguanas
  31 orc wizards
  A sleepcap (D:4)
  7 hell rats
  Robin (D:2)
  11 adders
  29 gnolls
  3 white imps
  An ufetubus (D:6)
  A worm (D:2)
  3 dart slugs
  73 orcs
  8 endoplasms
  6 giant cockroaches
  14 goblins
  12 hobgoblins
  3 jackals (D:4)
  4 quokkas
  10 ball pythons
  6 bats
  4 frilled lizards
  30 kobolds
  9 rats
622 creatures vanquished.

Vanquished Creatures (collateral kills)
  An anaconda (Lair:4)
  A death yak (Lair:5)
  A black mamba (Lair:4)
  An ice devil (Lair:5)
  A red devil (Lair:5)
  2 dream sheep (Lair:4)
  An alligator skeleton (Volcano)
  An orc warrior (Orc:2)
  An orc priest (Orc:2)
  3 orcs (Orc:2)
13 creatures vanquished.

Vanquished Creatures (others)
  A deep elf knight (Elf:1)
  A wizard (Lair:5)
  An orc warrior (Orc:2)
  An orc priest (Orc:2)
  2 orc wizards (Orc:2)
  10 foxfires (Lair:2)
  10 fungi
  29 plants
55 creatures vanquished.

Grand Total: 690 creatures vanquished

Notes
Turn   | Place    | Note
-------+----------+-------------------------------------------
     0 | D:1      | Alarkh the Demonspawn Hunter began the quest for the Orb.
     0 | D:1      | Reached XP level 1. HP: 16/16 MP: 1/1
    51 | D:1      | Reached skill level 4 in Ranged Weapons
   139 | D:1      | Gained mutation: You regenerate a little health from kills.
                  | [demonic ancestry]
   139 | D:1      | Reached XP level 2. HP: 22/22 MP: 2/2
   635 | D:2      | Noticed Robin
   644 | D:2      | Killed Robin
   645 | D:2      | Reached XP level 3. HP: 25/27 MP: 3/3
   669 | D:2      | Found a faded altar of an unknown god.
   911 | D:2      | Noticed Sigmund
  1069 | D:2      | Killed Sigmund
  1070 | D:2      | Reached skill level 6 in Ranged Weapons
  1070 | D:2      | Gained mutation: You are partially covered in thin metallic
                  | scales. (AC +2) [demonic ancestry]
  1070 | D:2      | Reached XP level 4. HP: 33/33 MP: 4/4
  1070 | D:2      | Gained mutation: Your touch may inflict minor irresistible
                  | damage on your foes. [demonic ancestry]
  1070 | D:2      | Reached XP level 5. HP: 38/38 MP: 5/5
  1492 | D:3      | Reached skill level 1 in Stealth
  1636 | D:3      | Reached XP level 6. HP: 44/44 MP: 6/6
  2002 | D:3      | You fall into a shaft and drop 1 floor!
  2190 | D:3      | Reached skill level 1 in Short Blades
  2334 | D:3      | Reached skill level 7 in Ranged Weapons
  2334 | D:3      | Gained mutation: You are mostly covered in thin metallic
                  | scales. (AC +3) [demonic ancestry]
  2334 | D:3      | Reached XP level 7. HP: 31/51 MP: 7/7
  2792 | D:4      | Identified the ring of the Shining Light {rF+++ rN+ Will+
                  | MP+9 Stlth-}
  3191 | D:5      | Entered Level 5 of the Dungeon
  3222 | D:5      | Noticed Pikel
  3249 | D:5      | Killed Pikel
  3250 | D:5      | Reached skill level 8 in Ranged Weapons
  3250 | D:5      | Gained mutation: You regenerate health from kills. [demonic
                  | ancestry]
  3250 | D:5      | Reached XP level 8. HP: 20/60 MP: 8/8
  3819 | D:5      | Found a burning altar of Makhleb.
  4575 | D:6      | Found a shimmering altar of Xom.
  4682 | D:6      | Found a staircase to the Ecumenical Temple.
  4772 | Temple   | Entered the Ecumenical Temple
  5164 | D:6      | Found a runed translucent gate.
  5165 | D:6      | Found a runed translucent gate.
  5166 | D:6      | Found a runed translucent gate.
  5167 | D:6      | Noticed jordank93's ghost (amateur DrMo)
  5167 | D:6      | Noticed ketsa's ghost (novice KoEn)
  5242 | D:6      | Gained mutation: You are completely covered in thin
                  | metallic scales. (AC +4, rElec) [demonic ancestry]
  5242 | D:6      | Reached XP level 9. HP: 67/67 MP: 9/9
  5348 | D:7      | Found an ancient bone altar of Kikubaaqudgha.
  5348 | D:7      | Found a shimmering blue altar of Sif Muna.
  5351 | D:7      | Found a radiant altar of Vehumet.
  5356 | D:7      | Got Vehumet's Catalogue of Damage
  5417 | D:7      | Reached skill level 5 in Fighting
  5417 | D:7      | Reached skill level 9 in Ranged Weapons
  5640 | D:7      | Reached skill level 5 in Stealth
  6080 | D:7      | Found a snail-covered altar of Cheibriados.
  6080 | D:7      | Found a hide-covered altar of Uskayaw.
  6099 | D:7      | Became a worshipper of Uskayaw the Reveller
  6107 | D:7      | Found an opulent altar of Gozag.
  6136 | D:7      | Reached * piety under Uskayaw
  6139 | D:7      | Reached ** piety under Uskayaw
  6250 | D:7      | Found a hazy altar of Hepliaklqana.
  6251 | D:7      | Found a shadowy altar of Dithmenos.
  6643 | D:8      | Reached *** piety under Uskayaw
  6771 | D:8      | Reached skill level 5 in Short Blades
  6778 | D:8      | Reached skill level 10 in Ranged Weapons
  7522 | D:9      | Reached skill level 1 in Invocations
  7522 | D:9      | Reached XP level 10. HP: 76/76 MP: 10/10
  7523 | D:9      | Reached **** piety under Uskayaw
  7615 | D:9      | Reached skill level 1 in Armour
  7722 | D:9      | Noticed a two-headed ogre
  7732 | D:9      | Killed a two-headed ogre
  7835 | D:9      | Noticed a two-headed ogre
  8081 | D:9      | Killed a two-headed ogre
  8239 | D:9      | Found a staircase to the Lair.
  8589 | D:10     | Entered Level 10 of the Dungeon
  8776 | D:10     | Found a flagged portal.
  8797 | Bailey   | Entered a bailey
  8893 | Bailey   | Reached ***** piety under Uskayaw
  9255 | D:10     | Found an iron altar of Okawaru.
  9291 | D:10     | Found a blossoming altar of Fedhas.
  9291 | D:10     | Found Nabap's Magic Scroll Emporium.
  9534 | D:10     | Found a portal to a secret trove of treasure.
  9682 | D:10     | Gained mutation: You regenerate a lot of health from kills.
                  | [demonic ancestry]
  9682 | D:10     | Reached XP level 11. HP: 83/83 MP: 14/14
  9688 | D:10     | Reached skill level 11 in Ranged Weapons
 10380 | D:11     | Found a staircase to the Orcish Mines.
 10944 | Lair:1   | Entered Level 1 of the Lair of Beasts
 11000 | Lair:1   | Reached ****** piety under Uskayaw
 11047 | Lair:1   | Reached skill level 5 in Invocations
 11396 | Lair:1   | Found a blossoming altar of Fedhas.
 11415 | Lair:1   | Noticed an oklob plant
 11562 | Lair:1   | Gained mutation: A weak demonic guardian rushes to your
                  | aid. [demonic ancestry]
 11562 | Lair:1   | Reached XP level 12. HP: 52/92 MP: 16/16
 11852 | Lair:1   | Reached skill level 12 in Ranged Weapons
 12073 | Lair:2   | Reached skill level 5 in Dodging
 12088 | Lair:2   | Found a staircase to the Swamp.
 12234 | Lair:2   | Found a dark tunnel.
 12243 | Volcano  | Entered a volcano
 13060 | Lair:2   | Noticed Fannar
 13072 | Lair:2   | Killed Fannar
 13330 | Lair:2   | Gained mutation: Your touch may inflict irresistible damage
                  | on your foes. [demonic ancestry]
 13330 | Lair:2   | Reached XP level 13. HP: 89/100 MP: 19/19
 13463 | Lair:2   | Reached skill level 13 in Ranged Weapons
 13981 | Lair:1   | Learned a level 3 spell: Portal Projectile
 14284 | Lair:3   | Found a staircase to the Snake Pit.
 14299 | Lair:3   | Noticed Gastronok
 14348 | Lair:3   | Killed Gastronok
 14349 | Lair:3   | Reached skill level 1 in Spellcasting
 14349 | Lair:3   | Reached skill level 1 in Translocations
 14653 | Lair:3   | Reached XP level 14. HP: 108/108 MP: 20/20
 16520 | Lair:5   | Entered Level 5 of the Lair of Beasts
 16583 | Lair:5   | Found a staircase to the Slime Pits.
 16645 | Lair:5   | Learned a level 2 spell: Blink
 16824 | Lair:5   | Found a burning altar of Makhleb.
 16945 | Lair:5   | Reached XP level 15. HP: 102/115 MP: 22/22
 17086 | Lair:5   | Reached skill level 10 in Invocations
 17196 | Lair:5   | Reached skill level 14 in Ranged Weapons
 17413 | Lair:5   | Reached skill level 10 in Fighting
 17603 | Lair:5   | Found a gateway to Hell.
 17610 | Lair:5   | Identified the +9 flail of Gyril {speed, *Noise +Blink
                  | rElec rCorr}
 18164 | Orc:1    | Entered Level 1 of the Orcish Mines
 18217 | Orc:2    | Entered Level 2 of the Orcish Mines
 18502 | Orc:2    | Found Ijari's General Store.
 18507 | Orc:2    | Found a staircase to the Elven Halls.
 18542 | Orc:2    | Found Siur's Antique Weapon Boutique.
 18543 | Orc:2    | Found Hid Diusk's Assorted Antiques.
 18547 | Orc:2    | Found Ecverup's Distillery.
 18550 | Orc:2    | Bought a potion of curing for 39 gold pieces
 18552 | Orc:2    | Bought a glowing white potion for 27 gold pieces
 18553 | Orc:2    | Bought a potion of curing for 48 gold pieces
 18553 | Orc:2    | Bought a potion of heal wounds for 80 gold pieces
 18566 | Orc:2    | Noticed Donald
 18589 | Orc:2    | Killed Donald
 18998 | Orc:2    | Reached skill level 10 in Stealth
 19254 | Elf:1    | Entered Level 1 of the Elven Halls
 19279 | Orc:2    | Killed from afar by a deep elf knight

Illustrated notes

Levels and vault maps discovered:
D:1:      dpeg_arrival_pond, layout_basic, hex_intersection
D:2:      layout_basic, nicolae_ecumenical_lake_church, chequers_mini_garden,
          uniq_robin, uniq_sigmund
D:3:      layout_rooms
D:4:      layout_loops_ring, minmay_box_of_dots
D:5:      layout_loops_corners, mainiacjoe_overflow_24_doors,
          hangedman_decor_opposing, uniq_pikel
D:6:      layout_gridville, chequers_temple_overflow_statue_of_worship,
          minmay_temple_entry_glassed_door, gammafunk_ghost_cemetery
D:7:      black_bear_nest_1, layout_loops_ring,
          riverfiend_overflow_shadow_ancestor,
          grunt_temple_overflow_magic_moments, grunt_temple_overflow_diamond,
          nicolae_concentric_dashed_squares_wild
D:8:      layout_loops_corners, hangedman_abyss_or_decor_clamps,
          amethyst_killhole
D:9:      layout_basic, hellmonk_lair_entry_icy, nicolae_underground_beach
D:10:     layout_layer_cave, mainiacjoe_overflow_alcove_4,
          mainiacjoe_overflow_small_starburst, serial_shops, shop,
          enter_bailey_7, trove_entry_hex_spiral
D:11:     layout_long_grid, david_orc_3
Temple:   grunt_temple_mini_profane
Lair:1:   layout_regular_city, tgw_fedhas, grunt_megastairs_4
Lair:2:   layout_chaotic_city, minmay_swamp_entry_wisps,
          nicolae_volcano_entry_two_sided, grunt_forest_stairs_basic,
          lemuel_fruit_fields, uniq_fannar
Lair:3:   layout_long_grid, minmay_snake_entry_guardpost_medium,
          grunt_megastairs_5, infiniplex_staircase_pool, uniq_gastronok
Lair:4:   layout_cave_pods, nicolae_lair_lakeside_cave, serial_bayou_shore_b
Lair:5:   evil_forest, layout_regular_city, slime_entry_1, minmay_lindwurm_lava
Orc:1:    layout_diamond_mine, nicolae_orc_pool_cavern
Orc:2:    st_orc_mages, layout_caves, minmay_orc_temple_c, uniq_donald
Elf:1:    layout_onion_city, serial_shops, nicolae_shop_trees, drop_trap

Skill      XL: |  1  2  3  4  5  6  7  8  9 10 11 12 13 14 15 |
---------------+----------------------------------------------+-----
Ranged Weapons | 4 6 7 8 10 11 12 13 14 | 14.3
Stealth        | 1 2 3 4 5 6 7 8 9 10 | 10.0
Short Blades   | 1 2 3 5 6 7 8 9 |  9.1
Fighting       | 4 6 7 8 9 10 | 10.2
Dodging        | 2 3 4 5 6 7 |  7.6
Invocations    | 1 4 6 8 9 10 | 10.6
Armour         | 2 4 |  4.0
Spellcasting   | 1 3 4 |  4.2
Translocations | 6 7 |  7.7

Action                     |  1- 3 |  4- 6 |  7- 9 | 10-12 | 13-15 || total
---------------------------+-------+-------+-------+-------+-------++-------
  Melee: Unarmed           |     7 |       |       |       |       ||     7
         Dagger            |       |     5 |   141 |   237 |   719 ||  1102
         Touch             |       |     2 |    27 |    44 |   174 ||   247
         Punch             |       |       |       |     3 |    10 ||    13
   Fire: Shortbow          |    68 |   137 |   454 |   946 |   738 ||  2343
         Sling             |       |       |       |     3 |       ||     3
   Cast: Portal Projectile |       |       |       |       |     1 ||     1
 Invoke: Line Pass         |       |       |       |     2 |     4 ||     6
         Grand Finale      |       |       |       |     1 |     3 ||     4
    Use: Potion            |     2 |     3 |       |     1 |     2 ||     8
         Scroll            |     1 |       |     9 |    11 |    13 ||    34
   Stab: Paralysed         |       |       |       |    19 |    45 ||    64
         Sleeping          |       |       |       |     1 |     2 ||     3
         Distracted        |       |       |       |     1 |     1 ||     2
         Confused          |       |       |       |       |     2 ||     2
 Armour: Leather armour    |     8 |    19 |    14 |       |       ||    41
         Robe              |       |       |    60 |    16 |       ||    76
         Acid dragon scale |       |       |       |   105 |       ||   105
         Troll leather arm |       |       |       |    67 |   279 ||   346
  Dodge: Dodged            |    17 |    46 |   215 |   581 |   853 ||  1712
  Block: Other             |       |    15 |    72 |   187 |   215 ||   489
         Reflection        |       |       |     3 |     2 |     3 ||     8
